 Dungeon Crawl Stone Soup version 0.31-a0-986-g5e6e4ef867 (webtiles) character file.

Game seed: 13489626708596582048

522 demibob the Poker (level 7, -2/36 HPs)
             Began as a Deep Elf Chaos Knight on Nov 8, 2023.
             Was an Initiate of Ashenzari.
             Slain by an orc warrior
             ... wielding a +0 short sword
              (9 damage)
             ... on level 4 of the Dungeon.
             The game lasted 00:08:22 (3637 turns).

demibob the Poker (Deep Elf Chaos Knight)           Turns: 3637, Time: 00:08:23

Health: -2/36      AC:  6    Str:  9 (12) XL:     7   Next: 2%
Magic:  9/9        EV: 11    Int: 19 (22) God:    Ashenzari [......]
Gold:   895        SH:  0    Dex: 11 (12) Spells: 6/6 levels left

rFire   + + .        a - staff of fire {!a}
rCold   . . .        (no shield)
rNeg    . . .        b - +3 leather armour
rPois   +            (helmet restricted)
rElec   .            (no cloak)
rCorr   .            (no gloves)
SInv    .            (no boots)
Will    .....        (no amulet)
Stlth   +            F - ring of protection from fire
HPRegen 0.26/turn    P - ring of poison resistance
MPRegen 0.11/turn

%: no passive effects
@: hasted, very quick
A: claws 2, hooves 2, horns 1, iridescent scales 1, clever 1, deformed body,
frail 1, strong 1
a: Renounce Religion


You were on level 4 of the Dungeon.
You worshipped Ashenzari.
Ashenzari was noncommittal.
You visited 2 branches of the dungeon, and saw 6 of its levels.

You collected 895 gold pieces.


Innate Abilities, Weirdness & Mutations

You have very sharp fingernails.
You have hoof-like feet.
You have a pair of small horns on your head.
You are partially covered in iridescent scales. (AC +2)
Your mind is acute. (Int +4, Str/Dex -1)
Armour fits poorly on your strangely shaped body.
You are frail. (-10% HP)
Your muscles are strong. (Str +4, Int/Dex -1)


   Skills:
 - Level 2.4 Fighting
 - Level 3.7(4.1) Polearms
 + Level 3.3(4.6) Staves
 - Level 0.7 Armour
 - Level 2.4 Dodging
 + Level 3.6 Fire Magic
 + Level 3.6 Evocations


You had 6 spell levels left.
You didn't know any spells.
Your spell library contained the following spells:

 Spells                   Type           Power      Damage    Failure   Level
 Ensorcelled Hibernation  Hex/Ice        0%         N/A       38%         2
 Jinxbite                 Hex            0%         N/A       38%         2
 Anguish                  Hex/Necr       0%         N/A       95%         4

Inventory:

Hand Weapons
 l - a +1 spear of chaos
Armour
 b - a +3 leather armour (worn)
Magical Staves
 a - a staff of fire (weapon) {!a}
Jewellery
 D - a +6 ring of dexterity
 F - a ring of protection from fire (left claw)
 P - a ring of poison resistance (right claw)
Scrolls
 d - a scroll of fear
 h - a scroll of enchant armour
 m - a scroll of vulnerability
Potions
 j - a potion of curing {@q1}
 k - 2 potions of cancellation

Dungeon Overview and Level Annotations

Branches:
Dungeon (5/15)             Temple (1/1) D:4

Altars:
Ashenzari
Dithmenos
Elyvilon
Fedhas
Gozag
Hepliaklqana
Makhleb
Nemelex Xobeh
Okawaru
Ru
Uskayaw
Vehumet
Wu Jian
Yredelemnul
Zin

....###...##....###'####'######
#######...##....##...##.......#
...........#..........#.......#
...........#..........#.......#
.........<.#..........'.......#
#....#######..####.####.##....#
#....###..##..####.####.##....#
..............>#.........#....#
...............o@........#....#
...............#o........+....#
#..##.##....####.####.####....#
#####'##....####'###### ######
#.........#...#....#
#.....[...#...#....#
#.........#...#....#
#.........#...#....#
#.........#...#....#


You could see an orc warrior and an orc.


Message History

Your headbutt misses the orc warrior.
The orc warrior is severely wounded.
The orc hits you but does no damage.
You hit the orc warrior but do no damage.
Your kick misses the orc warrior.
The orc warrior is severely wounded.
The orc warrior misses you. The orc hits you with a +0 club.
You hit the orc warrior. You kick the orc warrior.
You headbutt the orc warrior.
The orc warrior is almost dead.
The orc warrior hits you with a +0 short sword.
You hit the orc warrior but do no damage.
The orc warrior is almost dead.
The orc hits you but does no damage.
You hit the orc warrior but do no damage.
You kick the orc warrior, but do no damage.
The orc warrior is almost dead.
The orc warrior hits you with a +0 short sword!
* * * LOW HITPOINT WARNING * * *
The orc hits you with a +0 club.
* * * LOW HITPOINT WARNING * * *
You hit the orc warrior but do no damage.
You kick the orc warrior, but do no damage.
Your headbutt misses the orc warrior.
The orc warrior is almost dead.
You hit the orc warrior but do no damage.
You headbutt the orc warrior.
The orc warrior is almost dead.
The orc warrior hits you with a +0 short sword!
You die...

Skill      XL: |  1  2  3  4  5  6 |
---------------+-------------------+-----
Polearms       | 3 |  3.7
Fire Magic     | 1 2 3 |  3.6
Evocations     | 1 2 3 |  3.6
Staves         | 1 2 3 |  3.3
Fighting       | |  2.4
Armour         | |  0.7
Dodging        | |  2.4

Action                     |  1- 3 |  4- 6 |  7- 9 || total
---------------------------+-------+-------+-------++-------
  Melee: Spear             |   130 |   154 |       ||   284
         Kick              |    11 |    42 |    14 ||    67
         Headbutt          |     5 |    33 |    10 ||    48
         Staff             |       |    37 |    28 ||    65
         Punch             |       |     1 |       ||     1
    Use: Scroll            |     5 |     9 |       ||    14
         Potion            |       |     1 |     7 ||     8
   Stab: Sleeping          |     2 |     1 |       ||     3
         Petrifying        |     1 |       |       ||     1
         Petrified         |     1 |       |       ||     1
 Armour: Leather armour    |    40 |    89 |    21 ||   150
  Dodge: Dodged            |    59 |    83 |    10 ||   152

Levels and vault maps discovered:
D:1:      roderic_dead_forest, layout_basic
D:2:      layout_loops_ring, basic_altar, chequers_serial_rivers_large_b,
          lexackson_kobold_supper
D:3:      layout_basic, hellmonk_okawaru_the_only_friend_you_need,
          old_standard_altar, kennysheep_generic_room_14
D:4:      layout_gridville, grunt_gozag_statues,
          minmay_temple_entry_sparse_star, minmay_starry_boxes
D:5:      layout_cave_pools, pf_guarded_unrand_delatra, uniq_ijyb, uniq_menkaure
Temple:   hellmonk_temple_flake

Notes
Turn   | Place    | Note
-------+----------+-------------------------------------------
     0 | D:1      | demibob the Deep Elf Chaos Knight began the quest for the
                  | Orb.
     0 | D:1      | Reached XP level 1. HP: 13/13 MP: 3/3
    12 | D:1      | XOM: silly message
   101 | D:1      | Reached XP level 2. HP: 18/18 MP: 4/4
   215 | D:1      | XOM: silly message
   273 | D:1      | Reached skill level 3 in Polearms
   279 | D:1      | XOM: smoke on damage
   357 | D:1      | XOM: give mutations
   357 | D:1      | Gained mutation: You have a pair of small horns on your
                  | head. [Xom's grace]
   357 | D:1      | Gained mutation: You are resistant to electric shocks.
                  | (rElec) [Xom's grace]
   357 | D:1      | Gained mutation: You have large cloven feet. [Xom's grace]
   357 | D:1      | Gained mutation: You have sharp fingernails. [Xom's grace]
   368 | D:1      | XOM: give mutations
   368 | D:1      | Gained mutation: You are partially covered in iridescent
                  | scales. (AC +2) [Xom's grace]
   368 | D:1      | Gained mutation: You have hoof-like feet. [Xom's grace]
   368 | D:1      | Gained mutation: You have a pair of horns on your head.
                  | [Xom's grace]
   368 | D:1      | Gained mutation: Your muscles are strong. (Str +4, Int/Dex
                  | -1) [Xom's grace]
   426 | D:1      | Reached XP level 3. HP: 22/22 MP: 5/5
   622 | D:1      | XOM: god gift: +0 glaive of protection
   796 | D:2      | XOM: confuse monster(s)
   852 | D:2      | XOM: god gift: 731 gold pieces
  1230 | D:2      | Found a shadowy altar of Dithmenos.
  1263 | D:2      | XOM: give mutations
  1263 | D:2      | Gained mutation: Your mind is acute. (Int +4, Str/Dex -1)
                  | [Xom's mischief]
  1263 | D:2      | Lost mutation: Your muscles are strong. (Str +4, Int/Dex
                  | -1) [Xom's mischief]
  1263 | D:2      | Gained mutation: Your muscles are strong. (Str +4, Int/Dex
                  | -1) [Xom's mischief]
  1263 | D:2      | Gained mutation: You have very sharp fingernails. [Xom's
                  | mischief]
  1371 | D:2      | Reached XP level 4. HP: 27/27 MP: 6/6
  1892 | D:3      | XOM: 2-stop teleportation journey
  1925 | D:3      | Reached skill level 1 in Fire Magic
  1925 | D:3      | Reached skill level 1 in Evocations
  1958 | D:3      | Found a burning altar of Makhleb.
  1989 | D:3      | XOM: divination: detect items
  2097 | D:3      | Found an iron altar of Okawaru.
  2097 | D:3      | XOM: noise
  2148 | D:3      | XOM: give mutations
  2148 | D:3      | Gained mutation: You are frail. (-10% HP) [Xom's mischief]
  2148 | D:3      | Lost mutation: You are resistant to electric shocks.
                  | (rElec) [Xom's mischief]
  2148 | D:3      | Lost mutation: You have a pair of horns on your head.
                  | [Xom's mischief]
  2148 | D:3      | Gained mutation: Armour fits poorly on your strangely
                  | shaped body. [Xom's mischief]
  2220 | D:3      | Reached skill level 1 in Staves
  2348 | D:4      | Found a staircase to the Ecumenical Temple.
  2360 | D:4      | Reached XP level 5. HP: 26/27 MP: 7/7
  2386 | D:4      | Reached skill level 2 in Fire Magic
  2386 | D:4      | Reached skill level 2 in Evocations
  2413 | D:4      | XOM: 5-stop teleportation journey
  2426 | D:4      | Reached skill level 2 in Staves
  2444 | D:4      | XOM: 3-stop teleportation journey
  2500 | D:4      | Reached XP level 6. HP: 32/32 MP: 8/8
  2579 | D:4      | XOM: noise
  2596 | D:4      | XOM: divine lightning
  2598 | D:4      | XOM: scenery: 1 doors close
  2607 | D:4      | XOM: butterfly on damage
  2743 | D:4      | XOM: 4-stop teleportation journey
  3004 | D:4      | Reached skill level 3 in Staves
  3004 | D:4      | Reached skill level 3 in Fire Magic
  3004 | D:4      | Reached skill level 3 in Evocations
  3056 | D:4      | Found an opulent altar of Gozag.
  3241 | Temple   | Entered the Ecumenical Temple
  3251 | Temple   | Fell from the grace of Xom
  3251 | Temple   | Became a worshipper of Ashenzari the Shackled
  3292 | D:5      | Entered Level 5 of the Dungeon
  3333 | D:5      | Noticed an orc warrior
  3503 | D:5      | Noticed a water moccasin
  3523 | D:4      | Reached XP level 7. HP: 16/36 MP: 9/9
  3637 | D:4      | Slain by an orc warrior

Vanquished Creatures
  A phantom (D:4)
  2 scorpions (D:4)
  A gnoll bouda (D:4)
  2 hounds
  An iguana (D:4)
  An orc wizard (D:4)
  A sleepcap (D:4)
  2 gnolls
  5 adders
  A worm (D:2)
  3 dart slugs
  6 orcs
  6 ball pythons
  7 endoplasms
  4 giant cockroaches
  9 goblins
  6 hobgoblins
  15 kobolds
  3 quokkas
  7 bats
  5 frilled lizards
  8 rats
96 creatures vanquished.

Vanquished Creatures (others)
  A gnoll (D:4)
  A kobold (D:4)
2 creatures vanquished.

Grand Total: 98 creatures vanquished

Table legend: (Time is in decaauts)
 A = Elapsed time spent in this place.
 B = Non-inter-level travel time spent in this place.
 C = Inter-level travel time spent in this place.
 D = Time resting spent in this place.
 E = Time spent auto-exploring this place.
 F = Levels seen in this place.
 G = Mean time per level.
                   A        B        C        D        E       F      G
               +--------+--------+--------+--------+--------+-----+--------+
         Total |   3643 |   3387 |    256 |    181 |   2504 |   6 |  607.2 |
       Dungeon |   3622 |   3386 |    236 |    181 |   2504 |   5 |  724.4 |
        Temple |     20 |      1 |     19 |      0 |      0 |   1 |   20.0 |
               +--------+--------+--------+--------+--------+-----+--------+

Top non-repeatable levels by time:
     D:4: 1114 daAuts
     D:3: 872 daAuts
     D:2: 815 daAuts
     D:1: 719 daAuts
     D:5: 100 daAuts
  Temple: 20 daAuts

Table legend:
 A = Non-vault XP
 B = Vault XP
 C = Vault XP percentage of total XP
 D = Non-vault monster count
 E = Vault monster count
 F = Vault count percentage of total count
                 A         B        C        D         E       F
            +---------+---------+-------+---------+---------+-------
      Total |     605 |     142 |  19.0 |      80 |      17 |  17.5
            +---------+---------+-------+---------+---------+-------
        D:1 |      48 |       0 |   0.0 |      27 |       0 |   0.0
        D:2 |      48 |      12 |  20.0 |      13 |       8 |  38.1
        D:3 |      75 |       1 |   1.3 |      21 |       1 |   4.5
        D:4 |     378 |     126 |  25.0 |      16 |       7 |  30.4
        D:5 |      56 |       3 |   5.1 |       3 |       1 |  25.0
            +---------+---------+-------+---------+---------+-------
